budha, lawful male human Monk ----------------------------------------------------- |...........................%........%.............%| |.----------.--.---...----------------------------..| $ |.|----- |.|--- |.. |..........................|..| $ |.||...| ---.|.----.. |.............<........*......| * ** |.||...--|.....|....---..........................|..| ** |.||.....|-.-..|...*|..........^.................|..| |.| ---./|..|..---..------------------------------..| * $ |.| |..|..|....|.% 1 [ ....| |.| |..|..|-----.. --..| $ |.-----..---|....... ------ |..| |....%......|----.-- * ...).| |..| $ ------------|...|.| --.|.-------..| -------------...|.|---------------------)|..........| |...............|.-.......1.u@...........|----------- |.---------------)|---------------------.| ) |.................| |.. ------------------- budha the Initiate Experience level: 8 Strength: 18 Dexterity: 14 Constitution: 12 Intelligence: 11 Wisdom: 14 Charisma: 10 Health: 0(51) Energy: 15(29) Def: 8 Gold: 1150 Moves: 5159 Dungeon seed: MVJB5pYz4aQUNYcp Game ID: budha_1474518073 Your Inventory: Coins $ - 1150 gold pieces Amulets k - an uncursed amulet of magical breathing J - an uncursed amulet versus poison (being worn) Weapons i - a +0 shuriken (in quiver) p - a corroded +0 shuriken G - a +0 worm tooth Armor e - a blessed +2 pair of leather gloves (being worn) n - an uncursed +1 robe (being worn) z - an uncursed +0 dwarvish iron helm (being worn) Y - an uncursed +0 cloak of displacement Comestibles d - 6 uncursed food rations H - an uncursed partly eaten food ration I - an uncursed sprig of wolfsbane Scrolls b - an uncursed scroll of teleportation V - an uncursed scroll of blank paper Potions c - 3 uncursed potions of healing B - 3 uncursed potions of booze F - a blessed potion of extra healing Rings m - an uncursed ring of teleport control (on left hand) o - a cursed ring of polymorph Q - an uncursed ring of stealth Wands l - a wand of undead turning (0:0) w - a wand of magic missile (0:6) E - a wand of undead turning (0:0) Tools Z - an uncursed sack Gems q - an uncursed touchstone Contents of the sack: 5 uncursed apples 7 uncursed oranges a blessed spellbook of healing an uncursed potion of full healing a blessed potion of gain ability an uncursed potion of gain energy an uncursed potion of monster detection an uncursed potion of restore ability an uncursed potion of sleeping 2 uncursed potions of water an uncursed leash an uncursed mirror an uncursed oil lamp (0:0) an uncursed skeleton key an uncursed fluorite stone 2 uncursed garnet stones an uncursed jacinth stone an uncursed obsidian stone 3 uncursed worthless pieces of black glass an uncursed worthless piece of blue glass 4 uncursed worthless pieces of green glass 3 uncursed worthless pieces of red glass 2 uncursed worthless pieces of violet glass an uncursed worthless piece of yellow glass Spells and supernatural/magical abilities: Name Level Category Fail Memory h - healing 1 healing 0% 87% W - pray for help -- divine ? -- Your skills at the end: Fighting Skills martial arts [Expert] Weapon Skills Spellcasting Skills healing spells [Basic] Final Attributes: You were piously aligned. You were sleep resistant. You were poison resistant. You saw invisible. You were warned. You were stealthy. You had teleport control. You were fast. You are dead. Vanquished creatures: an ogre king a wumpus a long worm a winter wolf a small mimic a wood golem an ettin zombie a chameleon a cockatrice 4 gnome kings an ogre a lizard a dingo a housecat a dwarf lord 2 ravens 3 apes a bugbear a wood nymph 6 Uruk-hai 3 rock piercers a pony a violet fungus 11 gnome lords 8 gnomish wizards a kobold mummy 2 elf zombies a ghoul 2 giant ants 2 little dogs a floating eye 5 dwarves a kobold lord 3 rothes a rabid rat 2 giant bats 6 dwarf zombies 2 killer bees an acid blob a coyote 2 hobbits 8 manes a large kobold a hobgoblin 3 giant rats 2 yellow molds 2 red molds 55 gnomes a gecko 11 jackals a fox 3 kobolds 2 goblins 2 grid bugs 5 lichens 5 newts 190 creatures vanquished. Voluntary challenges: You were vegetarian. You had been an atheist until turn 3513. You never hit with a wielded weapon. You read items or engraved 20 times, starting on turn 710. You never genocided any monsters. You never polymorphed an object. You never changed form. You used no wishes. You never split a pudding. You wrote Elbereth's name 2 times, starting on turn 4924. You never violated your personal moral code. Dungeon overview: The Dungeons of Doom: levels 1 to 8 Level 1 a long staircase Level 2 some fountains, a sink Level 3 many fountains stairs to The Gnomish Mines Level 4 Level 5 a fountain Level 6 Level 7 a sink Level 8 many fountains The Gnomish Mines: levels 4 to 11 Level 4 stairs to The Dungeons of Doom Level 5 Level 6 many shops, a temple to Shan Lai Ching, some fountains Level 7 Level 8 Level 9 Level 10 Level 11 <- You were here History has recorded: On T:1 you entered the Dungeons of Doom to retrieve the Amulet of Yendor! On T:207 you reached level 2 of The Dungeons of Doom. On T:272 you advanced to experience level 2. On T:446 you reached level 3 of The Dungeons of Doom. On T:620 you reached level 4 of The Dungeons of Doom. On T:650 you advanced to experience level 3. On T:818 you reached level 1 of The Gnomish Mines. On T:1136 you reached level 5 of The Dungeons of Doom. On T:1374 you reached level 6 of The Dungeons of Doom. On T:1391 you advanced to experience level 4. On T:1609 you reached level 7 of The Dungeons of Doom. On T:1918 you advanced to experience level 5. On T:2531 you reached level 8 of The Dungeons of Doom. On T:2649 you advanced to experience level 6. On T:3176 you reached level 2 of The Gnomish Mines. On T:3216 you advanced to experience level 7. On T:3322 you reached level 3 of The Gnomish Mines. On T:3610 you reached level 4 of The Gnomish Mines. On T:3865 you reached level 5 of The Gnomish Mines. On T:4098 you reached level 6 of The Gnomish Mines. On T:4181 you advanced to experience level 8. On T:4301 you reached level 7 of The Gnomish Mines. On T:4560 you reached level 8 of The Gnomish Mines. Score breakdown: Gold: 1150 (10412 points) Experience: 8 levels (14739 points) Exploration: 11 levels ( 22.00%) (13552 points) Discoveries: 15 items ( 5.36%) ( 6943 points) Valuables value: (no points given unless you survive) Artifact value: 0 ( 0 points) Variety of kills: 56 monsters ( 14.70%) (11501 points) Turncount: 5159 turns (-1400 points) Survival: died (score multiplied by 80%) Total score: 44597 Latest messages: You feel better. You hit the wood golem! (3x) You destroy the wood golem! You fall into a pit! You land on a set of sharp iron spikes! There are several objects here. You are still in a pit. The ogre lord wields a double-headed axe! You crawl to the edge of the pit. The ogre lord swings his double-headed axe. The ogre lord hits! The ogre lord falls into a pit! The ogre lord picks up a staff. You hit the ogre lord. You hit the ogre lord! The ogre lord swings his double-headed axe. The ogre lord hits! You are beginning to feel weak. You stop running. The pony kicks! You die... Final status: Goodbye budha the Monk, killed by a pony... You died in The Gnomish Mines on dungeon level 11 with 44597 points, and 1150 pieces of gold, after 5159 moves. You were level 8 with a maximum of 51 hit points when you died.